 Dungeon Crawl Stone Soup version 0.30-a0-1075-gcd70e7a56d (webtiles) character file.

Game seed: 4268485049801244169

49 mandoloar the Insei (level 3, 0/23 HPs)
             Began as an Octopode Transmuter on Apr 14, 2023.
             Slain by a gnoll
             ... wielding a +0 spear
              (8 damage)
             ... on level 2 of the Dungeon.
             The game lasted 00:04:55 (1904 turns).

mandoloar the Insei (Octopode Transmuter)           Turns: 1904, Time: 00:04:56

Health: 0/23       AC:  1    Str:  9    XL:     3   Next: 75%
Magic:  6/6        EV: 13    Int: 17    God:
Gold:   76         SH:  0    Dex: 12    Spells: 3/6 levels left

rFire   . . .      SeeInvis .      - Unarmed
rCold   . . .      Faith    .    (no shield)
rNeg    . . .      Spirit   .    (helmet currently unavailable)
rPois   .          Reflect  .    (no amulet)
rElec   .          Rampage  .    (no ring)
rCorr   .                        (no ring)
Will    .....                    (no ring)
Stlth   +++                      (no ring)
HPRegen 0.23/turn                (no ring)
MPRegen 0.10/turn                (no ring)
                                 (no ring)
                                 (no ring)

@: appendages (expiring)
A: tentacle spike 3, almost no armour, amphibious, 8 rings, camouflage 1,
gelatinous body 1, (nimble swimmer 1), tentacles
a: End Transformation


You were on level 2 of the Dungeon.
One of your tentacles had grown a beastly spike.
You visited 1 branch of the dungeon, and saw 2 of its levels.

You collected 76 gold pieces.

Inventory:

Potions
 a - a potion of lignification
 b - a potion of berserk rage {unknown}
 c - a potion of mutation {unknown}
 f - a potion of ambrosia


   Skills:
 + Level 1.3 Fighting
 + Level 2.3 Dodging
 + Level 1.4 Stealth
 + Level 3.2 Unarmed Combat
 + Level 2.3 Spellcasting
 + Level 2.3 Transmutations
 + Level 1.0 Ice Magic


You had 3 spell levels left.
You knew the following spells:

 Your Spells              Type           Power      Damage    Failure   Level
a - Beastly Appendage     Tmut           18%        N/A       8%          1
b - Wereblood             Tmut           9%         N/A       11%         2

Your spell library contained the following spells:

 Spells                   Type           Power      Damage    Failure   Level
 Slow                     Hex            4%         N/A       19%         1
 Spider Form              Tmut/Pois      5%         N/A       34%         3
 Confusing Touch          Hex            1%         N/A       50%         3
 Summon Guardian Golem    Hex/Summ       1%         N/A       50%         3
 Vampiric Draining        Necr           1%         2d6       50%         3
 Ice Form                 Ice/Tmut       7%         N/A       67%         4
 Death Channel            Necr           0%         N/A       100%        6
 Infestation              Necr           0%         N/A       100%        8


Dungeon Overview and Level Annotations

Branches:
Dungeon (2/15)

Altars:


Innate Abilities, Weirdness & Mutations

One of your tentacles has grown a beastly spike.
You cannot wear most types of armour.
You are amphibious.
You can wear up to eight rings at the same time.
Your skin changes colour to match your surroundings (Stealth+).
Your rubbery body absorbs attacks. (AC +1, EV +1)
((You are camouflaged when in or above water. (Stealth+)))
You have tentacles for arms and can constrict up to eight enemies at once.


Message History

You constrict the gnoll. The gnoll barely misses you.
A gnoll comes into view. It is wielding a +0 spear.
You tentacle-slap the gnoll.
Your tentacle spike misses the gnoll.
You squeeze the gnoll.
You kill the gnoll!
The gnoll closely misses you.
Casting: Beastly Appendage (safe; 8% risk of failure)
Confirm with . or Enter, or press ? or * to list all spells.
Your blood is infused with primal strength.
A gnoll comes into view. It is wielding a +0 club.
The gnoll closely misses you.
Your magical contamination has completely faded away.
Your transformation is almost over.
You see here a ball python corpse.
Your tentacle spike disappears.
Your primal bloodlust is almost over.
Your primal bloodlust has ended.
One of your tentacles grows a vicious spike.
You tentacle-slap the gnoll but do no damage.
You grab the gnoll.
You pierce the gnoll, but do no damage.
You constrict the gnoll. The gnoll hits you with a +0 club.
The gnoll hits you from afar with a +0 spear.
You tentacle-slap the gnoll.
You pierce the gnoll, but do no damage.
The gnoll is moderately wounded.
You constrict the gnoll, but do no damage.
The gnoll hits you with a +0 club.
The gnoll hits you from afar with a +0 spear.
* * * LOW HITPOINT WARNING * * *
You tentacle-slap the gnoll but do no damage.
You pierce the gnoll.
You squeeze the gnoll.
The gnoll is almost dead.
You constrict the gnoll, but do no damage.
You tentacle-slap the gnoll.
You kill the gnoll!
The gnoll hits you from afar with a +0 spear.
* * * LOW HITPOINT WARNING * * *
Your Ice Magic skill increases to level 1!
Your transformation is almost over.
The gnoll hits you from afar with a +0 spear!
You die...

#.#...####.........#....>....#
.........+.........'.......#.#
#.#...####.........#.##.[.##.#
#..#.## ##.......##.###.###.#
##.### ##.....###†# #.# #.# .#
########...## #.# #.# #.# .#
........#+## #.###.###.# .#
.######.#.#####.........# .# .
#....@.....##.##### ..
#..........##.#
#.###...g####..##.#
#........###..##.#
##...............#
#.###..#####..#### #.#
#.........# ## #.........#
##.#######


You could see a gnoll.

Vanquished Creatures
  2 gnolls (D:2)
  A dart slug (D:1)
  6 endoplasms (D:1)
  2 giant cockroaches (D:1)
  2 hobgoblins (D:1)
  3 kobolds
  2 quokkas (D:1)
  3 ball pythons
  A frilled lizard (D:2)
  2 goblins (D:1)
  2 rats (D:1)
26 creatures vanquished.

Notes
Turn   | Place    | Note
-------+----------+-------------------------------------------
     0 | D:1      | mandoloar the Octopode Transmuter began the quest for the
                  | Orb.
     0 | D:1      | Reached XP level 1. HP: 13/13 MP: 3/3
   331 | D:1      | Reached XP level 2. HP: 10/18 MP: 3/5
   430 | D:1      | Found a faded altar of an unknown god.
   430 | D:1      | Noticed a golden eye
   437 | D:1      | Noticed a golden eye
   441 | D:1      | Noticed a shining eye
   441 | D:1      | Noticed a golden eye
   560 | D:1      | Reached skill level 1 in Stealth
   725 | D:1      | Reached XP level 3. HP: 23/23 MP: 4/6
   869 | D:1      | Learned a level 2 spell: Wereblood
  1644 | D:2      | Got the Directory of the Hindering Cemetery
  1896 | D:2      | Reached skill level 1 in Ice Magic
  1904 | D:2      | Slain by a gnoll

Illustrated notes

Levels and vault maps discovered:
D:1:      dpeg_arrival_circle_labyrinth_b, layout_basic,
          hellmonk_ecumenical_altar_watching_god
D:2:      layout_loops_corners, st_stairs_9, hangedman_decor_peaks_small

Skill      XL: |  1  2  3 |
---------------+----------+-----
Stealth        | 1 |  1.4
Ice Magic      | 1 |  1.0
Fighting       | |  1.3
Dodging        | |  2.3
Unarmed Combat | |  3.2
Spellcasting   | |  2.3
Transmutations | |  2.3

Action                     || total
---------------------------++-------
  Melee: Unarmed           ||    49
         Kick              ||    23
         Constrict         ||    15
         Tentacles         ||    11
         Punch             ||     1
   Cast: Beastly Appendage ||    21
         Wereblood         ||     1
    Use: Scroll            ||     5
   Stab: Sleeping          ||     3
 Armour: Skin              ||     1
  Dodge: Dodged            ||    26

Table legend: (Time is in decaauts)
 A = Elapsed time spent in this place.
 B = Non-inter-level travel time spent in this place.
 C = Inter-level travel time spent in this place.
 D = Time resting spent in this place.
 E = Time spent auto-exploring this place.
 F = Levels seen in this place.
 G = Mean time per level.
                   A        B        C        D        E       F      G
               +--------+--------+--------+--------+--------+-----+--------+
         Total |   1901 |   1689 |    212 |    377 |   1031 |   2 |  950.5 |
       Dungeon |   1901 |   1689 |    212 |    377 |   1031 |   2 |  950.5 |
               +--------+--------+--------+--------+--------+-----+--------+

Top non-repeatable levels by time:
     D:1: 1413 daAuts
     D:2: 488 daAuts
